AoeStats
← Rays丶恋

Pilgrims

509081508Analyzed
4v4 RM · 6d ago on Sep 25, 2026· 45m 5s· 8 players
Game mode
Random Map
Map size
Large (8 player)
Population
200
Speed
Normal
Resources
Standard
Victory
Conquest
Starting age
Dark Age
Ending age
Imperial Age
RankedLock teamsTeams togetherTeam positionsShared explorationLock speedFull tech treeHidden civsTurbo modeCheats
Victory
Defeat
🇺🇿 Italians · Uzbekistan
1190
+16
🇮🇳 Spanish · India
1162
+17
🇪🇸 Berbers · Spain
1135
+18
🇨🇳 Mongols · China
1093
+20
🇹🇼 Chinese · Taiwan
1256
-20
🇹🇼 Italians · Taiwan
1238
-20
🇹🇼 Danes · Taiwan
1160
-17
🇹🇼 Huns · Taiwan
1098
-14
moneyfusion06
5:44 Loom
11:19 Feudal Age
11:51 Feudal Age
16:22 Castle Age
15:44 Padded Archer Armor
16:18 Stone Mining
16:55 Fletching
19:56 Leather Archer Armor
30:48 Bodkin Arrow
34:47 Masonry
36:55 Wheelbarrow
44:54 Horse Collar
Rays丶恋
11:58 Feudal Age
16:10 Castle Age
14:53 Double-Bit Axe
15:49 Horse Collar
17:51 Bow Saw
18:46 Fervor
18:48 Heavy Plow
20:48 Fishing Lines
23:38 Wheelbarrow
22:49 Loom
24:10 Gold Mining
24:10 Stone Mining
25:09 Fletching
25:20 Padded Archer Armor
25:41 Hand Cart
26:21 Gold Shaft Mining
26:45 Stone Shaft Mining
28:24 Bodkin Arrow
28:44 Leather Archer Armor
31:21 Imperial Age
29:20 Thumb Ring
29:39 Bloodlines
30:58 Ballistics
32:05 Bracer
33:07 Chemistry
31:57 Elite Mangudai
33:11 Conscription
36:42 Parthian Tactics
39:30 Drill
38:56 Capped Ram
40:16 Siege Ram
karbid
9:41 Feudal Age
9:21 Loom
14:29 Castle Age
13:09 Horse Collar
13:55 Double-Bit Axe
15:09 Wheelbarrow
14:39 Town Watch
15:30 Wheelbarrow
16:52 Gold Mining
23:25 Imperial Age
21:48 Fletching
22:43 Bodkin Arrow
24:39 Ballistics
25:24 Chemistry
25:36 Bracer
26:12 Padded Archer Armor
27:21 Leather Archer Armor
28:10 Gold Mining
30:07 Ring Archer Armor
30:30 Bow Saw
34:18 Elite Genoese Crossbowman
39:19 Hand Cart
39:08 Heavy Plow
41:13 Conscription
40:53 Murder Holes
43:26 Forging
43:21 Scale Barding Armor
|GaoeG| Ratarax
7:33 Loom
16:38 Feudal Age
23:11 Castle Age
23:05 Scale Barding Armor
23:12 Forging
32:12 Bloodlines
32:03 Husbandry
35:38 Double-Bit Axe
35:36 Horse Collar
37:32 Wheelbarrow
38:36 Chain Barding Armor
38:58 Bow Saw
38:51 Heavy Plow
44:05 Imperial Age
42:43 Iron Casting
43:05 Hand Cart
44:24 Gold Mining
44:31 Cavalier
45:54 Plate Barding Armor
Speechless
10:54 Loom
12:40 Feudal Age
13:47 Fishing Lines
13:56 Double-Bit Axe
15:20 Gold Mining
17:41 Castle Age
16:13 Horse Collar
18:06 Fletching
19:08 Wheelbarrow
18:46 Bow Saw
19:39 Elite Skirmisher
24:41 Imperial Age
22:47 Bloodlines
22:44 Scale Barding Armor
23:45 Chain Barding Armor
24:26 Padded Archer Armor
24:49 Forging
27:03 Husbandry
27:28 Bodkin Arrow
28:46 Ballistics
38:42 Town Watch
38:41 Light Cavalry
41:40 Masonry
43:00 Leather Archer Armor
just a hamster
6:41 Loom
11:59 Feudal Age
15:36 Fletching
18:54 Padded Archer Armor
23:47 Double-Bit Axe
26:29 Wheelbarrow
31:19 Castle Age
31:53 Horse Collar
33:39 Bow Saw
33:31 Heavy Plow
41:14 Imperial Age
41:05 Bodkin Arrow
41:26 Leather Archer Armor
41:37 Ballistics
41:53 Crossbowman
44:08 Bracer
Maple
4:36 Loom
10:50 Feudal Age
12:38 Double-Bit Axe
16:08 Wheelbarrow
18:43 Castle Age
18:52 Fletching
19:05 Padded Archer Armor
20:33 Bow Saw
22:05 Bodkin Arrow
25:27 Ballistics
28:01 Hand Cart
27:37 Gold Mining
27:38 Stone Mining
29:16 Stone Shaft Mining
29:03 Leather Archer Armor
34:24 Imperial Age
34:33 Imperial Age
33:26 Treadmill Crane
33:47 Town Watch
33:53 Town Watch
34:29 Masonry
36:33 Chemistry
37:12 Bracer
38:12 Ring Archer Armor
40:14 Silk Road
43:03 Elite Genoese Crossbowman
44:27 Thumb Ring
45:08 Conscription
Meteor
12:06 Feudal Age
13:21 Loom
15:42 Castle Age
14:18 Fishing Lines
15:48 Double-Bit Axe
17:41 Gillnets
19:19 Gold Mining
19:14 Horse Collar
19:46 Bow Saw
20:06 Scale Mail Armor
24:27 Forging
25:10 Squires
25:43 Hamask
26:53 Fletching
27:19 Arson
28:31 Chain Mail Armor
27:58 Elite Skirmisher
30:50 Ballistics
34:53 Imperial Age
36:30 Conscription
36:49 Thumb Ring
41:12 Chemistry
42:24 Bodkin Arrow
Connection lost

Rejoining the realm…

Still unreachable

The connection could not be restored.

Session expired

The server has moved on; the page needs a fresh start.